 Dungeon Crawl Stone Soup version 0.26-a0-682-g294304f6e8 (webtiles) character file.

Game seed: 10611196730522946385

22 ivopereira the Slasher (level 3, -4/29 HPs)
             Began as a Human Berserker on Oct 21, 2020.
             Was a Follower of Trog.
             Slain by a leopard gecko (5 damage)
             ... on level 2 of the Dungeon.
             The game lasted 00:06:39 (895 turns).

ivopereira the Slasher (Human Berserker)             Turns: 895, Time: 00:06:40

Health: -4/29      AC:  2    Str: 18    XL:     3   Next: 7%
Magic:  3/3        EV: 12    Int:  7    God:    Trog [*.....]
Gold:   3          SH:  0    Dex: 12    Spells: 2/2 levels left

rFire    . . .     SeeInvis .   a - +0 falchion
rCold    . . .     Faith    .   (no shield)
rNeg     . . .     Spirit   .   b - +0 animal skin
rPois    .         Reflect  .   (no helmet)
rElec    .         Harm     .   (no cloak)
rCorr    .         Rampage  .   (no gloves)
MR       .....                  (no boots)
Stlth    +.........             (no amulet)
HPRegen  0.09/turn              (no ring)
MPRegen  0.08/turn              (no ring)

@: no status effects
A: no striking features
a: Berserk, Renounce Religion


You were on level 2 of the Dungeon.
You worshipped Trog.
Trog was aware of your devotion.
You visited 1 branch of the dungeon, and saw 2 of its levels.

You collected 3 gold pieces.

Inventory:

Hand Weapons
 a - a +0 falchion (weapon)
Armour
 b - a +0 animal skin (worn)
Scrolls
 e - a scroll of remove curse {unknown}
Potions
 c - a potion of mutation {unknown}
 d - a potion of magic {unknown}
 f - a potion of might {unknown}


   Skills:
 + Level 3.3 Fighting
 + Level 3.4 Long Blades
 + Level 2.1 Armour
 + Level 2.3 Dodging


You had 2 spell levels left.
You didn't know any spells.
Your spell library was empty.

Dungeon Overview and Level Annotations

Branches:
Dungeon (2/15)

Altars:
Trog
Wu Jian


Message History

You feel sick. The bat barely misses you.
You riposte.
You hit the bat.
You kill the bat!
Trog accepts your kill.
You see here a bat corpse.
You feel sick.
You are no longer poisoned.
Found a cloak.
A goblin comes into view. It is wielding a -3 club.
A leopard gecko comes into view.
Found an ornate altar of the Wu Jian Council.
The leopard gecko hisses angrily.
The goblin barely misses you.
The goblin hits you with a cursed -3 club.
* * * LOW HITPOINT WARNING * * *
The leopard gecko bites you.
* * * LOW HITPOINT WARNING * * *
The goblin closely misses you.
You riposte.
You barely miss the goblin.
There is a stone staircase leading up here.
The leopard gecko bites you.
You die...

...... #.# ### .....
#.# .. .... #.#
.######
###.####.####.#....
..............#...##
.[............#....
........†.....#.#.#
.............##.#.#
.............g.l@.#
.....####.######..#
..#### #.# ##.## ..
#.# ##...## ..
#†####.....## #
#...#.......#.#
###....._.....#
###.......#.#
##.....##.#


You could see a leopard gecko and a goblin.

Vanquished Creatures
  An adder (D:2)
  4 bats
  A giant cockroach (D:1)
  A goblin (D:1)
  2 hobgoblins (D:1)
  3 frilled lizards (D:1)
  A kobold (D:1)
13 creatures vanquished.

Vanquished Creatures (others)
  8 plants (D:1)
8 creatures vanquished.

Grand Total: 21 creatures vanquished

Notes
Turn   | Place    | Note
-------+----------+-------------------------------------------
     0 | D:1      | ivopereira the Human Berserker began the quest for the Orb.
     0 | D:1      | Reached XP level 1. HP: 18/18 MP: 1/1
   124 | D:1      | Reached XP level 2. HP: 18/24 MP: 2/2
   809 | D:2      | Found a bloodstained altar of Trog.
   848 | D:2      | Reached XP level 3. HP: 10/29 MP: 3/3
   878 | D:2      | Found an ornate altar of the Wu Jian Council.
   891 | D:2      | HP: 1/29 [leopard gecko (3)]
   895 | D:2      | Slain by a leopard gecko

Illustrated notes

Levels and vault maps discovered:
D:1:      scummos_arrival_forest, layout_basic, serial_bayou_pond_b,
          minmay_distorted
D:2:      layout_basic, lemuel_round_altar, old_standard_altar, minmay_cut_off,
          uniq_crazy_yiuf_cottage, uniq_sigmund, uniq_terence

Action                   || total
-------------------------++-------
Melee: Falchion          ||    61
 Stab: Sleeping          ||     1
Armor: Animal skin       ||    21
Dodge: Dodged            ||    51
       Rpst.: Falchion   ||    18

Table legend: (Time is in decaauts)
 A = Elapsed time spent in this place.
 B = Non-inter-level travel time spent in this place.
 C = Inter-level travel time spent in this place.
 D = Time resting spent in this place.
 E = Time spent auto-exploring this place.
 F = Levels seen in this place.
 G = Mean time per level.
                   A        B        C        D        E       F      G
               +--------+--------+--------+--------+--------+-----+--------+
         Total |    916 |    741 |    175 |      0 |      0 |   2 |  458.0 |
       Dungeon |    916 |    741 |    175 |      0 |      0 |   2 |  458.0 |
               +--------+--------+--------+--------+--------+-----+--------+

Top non-repeatable levels by time:
     D:1: 827 daAuts
     D:2: 88 daAuts
